 Dungeon Crawl Stone Soup version 0.30-a0-591-g3c58d2bc28 (webtiles) character file.

Game seed: 18119213385501668871

249 wormed the Changer (level 6, -4/38 HPs)
             Began as an Octopode Transmuter on Jan 4, 2023.
             Killed from afar by Natasha (6 damage)
             ... with a magic dart
             ... on level 3 of the Dungeon.
             The game lasted 00:05:09 (2844 turns).

wormed the Changer (Octopode Transmuter)            Turns: 2844, Time: 00:05:10

Health: -4/38      AC:  1    Str: 10    XL:     6   Next: 12%
Magic:  4/11       EV: 13    Int: 17    God:
Gold:   120        SH:  0    Dex: 12    Spells: 5/12 levels left

rFire   . . .      SeeInvis .      - Unarmed
rCold   . . .      Faith    .    (no shield)
rNeg    . . .      Spirit   .    (helmet restricted)
rPois   .          Reflect  .    (no amulet)
rElec   .          Harm     .    i - ring of wizardry
rCorr   .          Rampage  .    (no ring)
Will    .....                    (no ring)
Stlth   ++                       (no ring)
HPRegen 0.26/turn                (no ring)
MPRegen 0.12/turn                (no ring)
                                 (no ring)
                                 (no ring)

@: no status effects
A: almost no armour, amphibious, 8 rings, camouflage 1, gelatinous body 1,
(nimble swimmer 1), tentacles
a: no special abilities


You were on level 3 of the Dungeon.
You visited 1 branch of the dungeon, and saw 4 of its levels.

You collected 120 gold pieces.

Inventory:

Jewellery
 i - a ring of wizardry (left tentacle)
 l - a ring of positive energy
 n - a +6 ring of strength
 o - a +6 ring of intelligence
Scrolls
 c - 2 scrolls of magic mapping {unknown}
 e - 5 scrolls of immolation {unknown}
 g - a scroll of poison {unknown}
 j - 4 scrolls of identify {unknown}
 k - a scroll of blinking {unknown}
 m - a scroll of enchant weapon {unknown}
 r - a scroll of silence {unknown}
Potions
 a - a potion of lignification
 b - a potion of ambrosia {unknown}
 d - 2 potions of brilliance {unknown}
 f - 2 potions of curing {unknown}
 h - a potion of resistance {unknown}
 p - a potion of attraction {unknown}
 q - a potion of flight {unknown}


   Skills:
 - Level 1.0 Fighting
 - Level 2.0 Dodging
 - Level 3.0 Unarmed Combat
 + Level 3.6 Spellcasting
 + Level 3.9 Transmutations
 + Level 3.0 Ice Magic


You had 5 spell levels left.
You knew the following spells:

 Your Spells              Type           Power      Damage    Failure   Level
a - Ice Form              Ice/Tmut       15%        N/A       16%         4
b - Wereblood             Tmut           16%        N/A       1%          2
c - Beastly Appendage     Tmut           32%        N/A       1%          1

Your spell library contained the following spells:

 Spells                   Type           Power      Damage    Failure   Level
 Spider Form              Tmut/Pois      9%         N/A       9%          3


Dungeon Overview and Level Annotations

Branches:
Dungeon (4/15)
 Temple: D:4-7

Altars:
Dithmenos
Elyvilon
Gozag

Shops:
D:3 (

Annotations:
D:3 Natasha


Innate Abilities, Weirdness & Mutations

You cannot wear most types of armour.
You are amphibious.
You can wear up to eight rings at the same time.
Your skin changes colour to match your surroundings (Stealth+).
Your rubbery body absorbs attacks. (AC +1, EV +1)
((You are camouflaged when in or above water. (Stealth+)))
You have tentacles for arms and can constrict up to eight enemies at once.


Message History

Natasha is moderately wounded.
Natasha claws you.
You punch Natasha! You freeze Natasha.
You kill Natasha!
Natasha screams in pain as she dies!
Your Ice Magic skill increases to level 3!
You see here the felid corpse of Natasha.
Natasha, Servant of Life and Death comes into view.
She is carrying a wand of quicksilver (7).
Your magical contamination has completely faded away.
Natasha hisses angrily.
You barely miss Natasha.
Your transformation is almost over.
Natasha casts a spell.
You barely miss Natasha. Natasha claws you!
You hit Natasha. You freeze Natasha.
Natasha is heavily wounded.
Natasha stares at you and mumbles some strange words.
The magic dart hits you.
You hit Natasha but do no damage.
Natasha is heavily wounded.
Natasha claws you but does no damage.
You hit Natasha. You freeze Natasha.
Natasha is almost dead.
The shadow imp barely misses you.
Natasha hisses.
Natasha closely misses you.
You hit Natasha but do no damage.
Natasha is almost dead.
The shadow imp completely misses you.
Natasha zaps a wand.
The bolt of dispelling energy hits you!
Your magical effects are unravelling.
* * * LOW HITPOINT WARNING * * *
You completely miss Natasha.
Natasha is almost dead.
You warm up again.
The shadow imp hits you.
* * * LOW HITPOINT WARNING * * *
Natasha casts a spell at you. The magic dart hits you.
You die...

#.#..........<.......
##...#...####(#.h...#
#.......######.....>#
#........^......#.###
#.......#######.#.#
...........#####.#.#
#.##.................
#.##..........####.##
#.............h@.†.#
#.............5.##.#
##.......#.......##.#
#.........##...####.#
.##.......##...####.#
###..##...<......##.#
#....##..####.##.##.#
#...∩....# #. .#.
#.##.....# # #


You could see Natasha and a shadow imp (summoned).

Vanquished Creatures
  Natasha (twice) (D:3)
  4 gnolls (D:2)
  8 adders
  2 worms (D:2)
  6 dart slugs
  An orc (D:3)
  3 endoplasms
  2 giant cockroaches (D:1)
  6 goblins
  8 hobgoblins
  7 kobolds
  3 quokkas
  10 ball pythons
  6 bats
  7 frilled lizards
  4 rats
79 creatures vanquished.

Notes
Turn   | Place    | Note
-------+----------+-------------------------------------------
     0 | D:1      | wormed the Octopode Transmuter began the quest for the Orb.
     0 | D:1      | Reached XP level 1. HP: 13/13 MP: 3/3
   165 | D:1      | Reached XP level 2. HP: 18/18 MP: 3/5
   177 | D:1      | Learned a level 2 spell: Wereblood
   192 | D:1      | Reached skill level 1 in Ice Magic
   464 | D:1      | Reached XP level 3. HP: 22/23 MP: 2/6
  1195 | D:2      | Reached XP level 4. HP: 28/28 MP: 3/8
  1427 | D:2      | Found a white marble altar of Elyvilon.
  1495 | D:2      | Found the +7 Throatcutter {drain, coup de grace}
  1512 | D:2      | You fall into a shaft and drop 2 floors!
  1637 | D:3      | Learned a level 4 spell: Ice Form
  1703 | D:3      | Found Vammoe Lera's Antique Weapon Emporium.
  1773 | D:3      | Noticed Natasha
  1888 | D:2      | Reached XP level 5. HP: 33/33 MP: 5/9
  2436 | D:2      | Found a faded altar of an unknown god.
  2744 | D:3      | Found a shadowy altar of Dithmenos.
  2744 | D:3      | Found an opulent altar of Gozag.
  2761 | D:3      | Killed Natasha
  2762 | D:3      | Reached XP level 6. HP: 38/38 MP: 7/11
  2798 | D:3      | Noticed Natasha
  2807 | D:3      | Killed Natasha
  2829 | D:3      | Noticed Natasha
  2844 | D:3      | Killed from afar by Natasha

Illustrated notes

Levels and vault maps discovered:
D:1:      dpeg_arrival_three_bigger_balls, layout_basic, minmay_misc_feat_room
D:2:      layout_loops_cross, basic_altar, shapermc_ecumenical_altar_ellora,
          minmay_snake_closets
D:3:      layout_loops_ring, chequers_temple_overflow_statue_of_worship,
          serial_shops, nicolae_square_shop, uniq_natasha
D:4:      kennysheep_big_flooded_room, layout_basic, serial_shops,
          nicolae_shop_hallway_stairs

Skill      XL: |  1  2  3  4  5  6 |
---------------+-------------------+-----
Ice Magic      | 1 2 3 |  3.0
Transmutations | 3 |  3.9
Spellcasting   | 3 |  3.6
Fighting       | |  1.0
Dodging        | |  2.0
Unarmed Combat | |  3.0

Action                   |  1- 3 |  4- 6 || total
-------------------------+-------+-------++-------
Melee: Spear             |     6 |       ||     6
       Constrict         |    23 |     7 ||    30
       Unarmed           |    68 |    97 ||   165
       Kick              |    20 |     4 ||    24
       Tentacles         |    10 |     6 ||    16
       Punch             |     2 |     1 ||     3
 Cast: Beastly Appendage |    20 |    10 ||    30
       Wereblood         |    15 |     7 ||    22
       Ice Form          |       |    14 ||    14
 Stab: Sleeping          |     3 |     4 ||     7
Armor: Skin              |     5 |    22 ||    27
Dodge: Dodged            |    54 |    39 ||    93

Table legend: (Time is in decaauts)
 A = Elapsed time spent in this place.
 B = Non-inter-level travel time spent in this place.
 C = Inter-level travel time spent in this place.
 D = Time resting spent in this place.
 E = Time spent auto-exploring this place.
 F = Levels seen in this place.
 G = Mean time per level.
                   A        B        C        D        E       F      G
               +--------+--------+--------+--------+--------+-----+--------+
         Total |   2833 |   2728 |    105 |      0 |   2110 |   4 |  708.2 |
       Dungeon |   2833 |   2728 |    105 |      0 |   2110 |   4 |  708.2 |
               +--------+--------+--------+--------+--------+-----+--------+

Top non-repeatable levels by time:
     D:2: 1479 daAuts
     D:1: 994 daAuts
     D:3: 264 daAuts
     D:4: 95 daAuts
